 Dungeon Crawl Stone Soup version 0.21.0-3-g78d12a8 (webtiles) character file.

16 tidbits the Sneak (level 2, 0/14 HPs)
             Began as a Vine Stalker Wizard on Jan 10, 2018.
             Succumbed to an adder's poison
             ... on level 2 of the Dungeon.
             The game lasted 00:02:30 (351 turns).

tidbits the Sneak (Vine Stalker Wizard)              Turns: 351, Time: 00:02:31

Health: 0/14       AC:  2    Str:  9    XL:     2   Next: 58%
Magic:  0/7        EV: 12    Int: 18    God:
Gold:   60         SH:  0    Dex: 12    Spells: 6/7 levels left

rFire    . . .     SeeInvis .   a - +0 short sword
rCold    . . .     Gourm    .   (no shield)
rNeg     . . .     Faith    .   i - +0 robe
rPois    .         Spirit   +   b - +0 hat
rElec    .         Reflect  .   (no cloak)
rCorr    .         Harm     .   (no gloves)
MR       .....                  (no boots)
Stlth    ++........             (no amulet)
HPRegen  0.04/turn              (no ring)
MPRegen  0.10/turn              (no ring)

@: lethally poisoned (0 -> -8)
A: fangs 2, magic shield, antimagic bite, no potion heal 3, rot immunity
a: no special abilities


You were on level 2 of the Dungeon.
You were not hungry.

You visited 1 branch of the dungeon, and saw 2 of its levels.

You collected 60 gold pieces.

Inventory:

Hand Weapons
 a - a +0 short sword (weapon)
 k - a +0 club
Missiles
 l - 4 stones (quivered)
Armour
 b - a +0 hat (worn)
 i - a +0 robe (worn)
Jewellery
 g - an uncursed ring of teleportation
   (You found it on level 1 of the Dungeon)
Scrolls
 j - a scroll of noise
 m - a scroll of enchant weapon {unknown}
 o - a scroll of remove curse
Potions
 e - 2 potions of brilliance
 f - a potion of cancellation {unknown}
 h - a potion of curing {unknown}
 n - a potion of lignification {unknown}
Books
 c - a book of Minor Magic

   Spells                             Type                      Level
   a - Magic Dart                     Conjuration                  1
   b - Blink                          Translocation                2
   c - Call Imp                       Summoning                    2
   d - Slow                           Hexes                        2
   e - Conjure Flame                  Conjuration/Fire             3
   f - Mephitic Cloud                 Conjuration/Poison/Air       3
Comestibles
 d - 2 rations


   Skills:
 + Level 1.2 Fighting
 - Level 1.5 Dodging
 + Level 3.3 Stealth
 - Level 3.2 Spellcasting
 - Level 1.0 Conjurations
   Level 1.0 Summonings
   Level 1.0 Translocations


You had 6 spell levels left.
You knew the following spells:

 Your Spells              Type           Power        Failure   Level  Hunger
a - Magic Dart            Conj           #...         11%         1    None


Dungeon Overview and Level Annotations

Branches:
Dungeon (2/15)

Altars:


Innate Abilities, Weirdness & Mutations

You have extremely sharp teeth.
When hurt, damage is shared between your health and your magic reserves.
Your bite disrupts and absorbs the magic of your enemies.
Potions cannot restore your health.
You are immune to rotting.


Message History

You kill the rat!
o - a scroll labeled MIAFASAFFESS A giant cockroach comes into view.
Found a scroll labeled MIAFASAFFESS.
You now have 60 gold pieces (gained 14).
o - 2 scrolls labeled MIAFASAFFESS (gained 1)
As you read the scroll labeled MIAFASAFFESS, it crumbles to dust.
You feel as if something is helping you.
It was a scroll of remove curse.
Drop what? 15/52 slots (_ for help) (? for menu, Esc to quit)
Okay, then.
You remove your ring of teleportation.
Found a stone staircase leading down.
There is a stone staircase leading down here.
You climb downwards.
A frilled lizard comes into view.
The frilled lizard hisses angrily.
The frilled lizard bites you.
* * * LOW HITPOINT WARNING * * *
There is a stone staircase leading up here.
Casting: Magic Dart
Confirm with . or Enter, or press ? or * to list all spells.
Aiming: Magic Dart
Press: ? - help, Shift-Dir - straight line, f - frilled lizard
Aim: a frilled lizard The magic dart hits the frilled lizard.
You kill the frilled lizard!
A rat comes into view.
Casting: Magic Dart
Confirm with . or Enter, or press ? or * to list all spells.
Aiming: Magic Dart
Press: ? - help, Shift-Dir - straight line, f - rat
Aim: a rat (resting)
The magic dart hits the rat.
You kill the rat!
A kobold comes into view.
Casting: Magic Dart
Confirm with . or Enter, or press ? or * to list all spells.
Aiming: Magic Dart
Press: ? - help, Shift-Dir - straight line, f - kobold
Aim: a kobold (resting)
The magic dart hits the kobold.
The kobold is severely wounded.
The kobold shouts!
The kobold throws a stone.
The stone barely misses you.
Casting: Magic Dart
Confirm with . or Enter, or press ? or * to list all spells.
Aiming: Magic Dart
Press: ? - help, Shift-Dir - straight line, f/p - kobold
Aim: a kobold (severely wounded)
The magic dart hits the kobold.
The kobold is severely wounded.
Casting: Magic Dart
Confirm with . or Enter, or press ? or * to list all spells.
Aiming: Magic Dart
Press: ? - help, Shift-Dir - straight line, f/p - kobold
Aim: a kobold (severely wounded)
The magic dart hits the kobold.
You kill the kobold!
An adder comes into view.
Found an escape hatch in the floor.
A hobgoblin comes into view. It is wielding a club.
Found a stone staircase leading down.
The helpless adder fails to defend itself.
You hit the adder. Your bite misses the adder.
The adder is moderately wounded.
The adder bites you.
* * * LOW HITPOINT WARNING * * *
The adder barely misses you.
Casting: Magic Dart
Confirm with . or Enter, or press ? or * to list all spells.
Aiming: Magic Dart
Press: ? - help, Shift-Dir - straight line, f - adder
Aim: an adder (moderately wounded)
The magic dart hits the adder.
The adder is heavily wounded.
The hobgoblin shouts!
The adder closely misses you.
Casting: Magic Dart
Confirm with . or Enter, or press ? or * to list all spells.
Aiming: Magic Dart
Press: ? - help, Shift-Dir - straight line, f/p - adder
Aim: an adder (heavily wounded)
The magic dart hits the adder.
The adder is heavily wounded.
The adder barely misses you.
A frilled lizard comes into view.
The adder bites you.
* * * LOW HITPOINT WARNING * * *
You are lethally poisoned!
The adder poisons you!
Casting: Magic Dart
Confirm with . or Enter, or press ? or * to list all spells.
Aiming: Magic Dart
Press: ? - help, Shift-Dir - straight line, f/p - adder
Aim: an adder (heavily wounded)
The magic dart hits the adder.
The adder is heavily wounded.
The frilled lizard hisses angrily.
You die...

#...
##.#########
#l..
#..(.†...†.
###...####
#..########
........>#
#..#
.........#
#..#
..>......
#..# #....g#
#..# #. #S#
#..#
#...#@####..#
#.........#
###.......#
#########


You could see an adder, a hobgoblin and a frilled lizard.

Vanquished Creatures
  A leopard gecko (D:1)
  3 goblins
  3 hobgoblins
  2 frilled lizards
  2 kobolds (D:2)
  4 rats
15 creatures vanquished.

Notes
Turn   | Place    | Note
-------+----------+-------------------------------------------
     0 | D:1      | tidbits the Vine Stalker Wizard began the quest for the Orb.
     0 | D:1      | Reached XP level 1. HP: 9/9 MP: 5/5
   136 | D:2      | Reached XP level 2. HP: 14/14 MP: 4/7
   162 | D:2      | Reached skill level 3 in Stealth
   201 | D:2      | Reached skill level 1 in Fighting
   350 | D:2      | HP: 1/14 [adder (4)]
   351 | D:2      | Succumbed to an adder's poison

Skill      XL: |  1  2 |
---------------+-------+-----
Stealth        | 3 |  3.3
Fighting       | 1 |  1.2
Dodging        | |  1.5
Spellcasting   | |  3.2
Conjurations   | |  1.0
Summonings     | |  1.0
Translocations | |  1.0

Action                   || total
-------------------------++-------
Melee: Short sword       ||     8
       Bite              ||     1
 Cast: Magic Dart        ||    29
  Use: Scroll            ||     3
 Stab: Sleeping          ||     2
Armor: Robe              ||     1
Dodge: Dodged            ||    11

Table legend:
 A = Turns spent in this place as a percentage of turns spent in the entire game.
 B = Non-inter-level travel turns spent in this place as a percentage of non-inter-level travel turns spent in the entire game.
 C = Inter-level travel turns spent in this place as a percentage of turns spent in this place.
 D = Turns resting spent in this place as a percentage of non-inter-level travel turns spent in this place.
 E = Turns spent auto-exploring this place as a percentage of non-inter-level travel turns spent in this place.
 F = Non-inter-level travel turns spent in this place divided by the number of levels of this place that you've seen.
                   A       B       C       D       E      F
               +-------+-------+-------+-------+-------+----------------------
         Total | 100.0 | 100.0 |   0.0 |   0.0 |   0.0 | 175.5
       Dungeon | 100.0 | 100.0 |   0.0 |   0.0 |   0.0 | 175.5
               +-------+-------+-------+-------+-------+----------------------

Table legend:
 A = Kills in this place as a percentage of kills in entire the game.
 B = Kills by you in this place as a percentage of kills by you in the entire game.
 C = Kills by friends in this place as a percentage of kills by friends in the entire game.
 D = Other kills in this place as a percentage of other kills in the entire game.
 E = Experience gained in this place as a percentage of experience gained in the entire game.
 F = Experience gained in this place divided by the number of levels of this place that you have seen.
                   A       B       C       D       E      F
               +-------+-------+-------+-------+-------+----------------------
         Total | 100.0 | 100.0 |   N/A |   N/A | 100.0 |  12.0
       Dungeon | 100.0 | 100.0 |   N/A |   N/A | 100.0 |  12.0
               +-------+-------+-------+-------+-------+----------------------

Vault maps used:
D:1:      sevenhm_arrival_forest_fort_small_3, feat_on_display
